 Dungeon Crawl Stone Soup version 0.20.2-3-g29329e0561 (webtiles) character file.

315 Alfie the Shield-Bearer (level 6, -6/79 HPs)
             Began as a Hill Orc Fighter on Nov 22, 2023.
             Killed from afar by Dowan (19 damage)
             ... with a shard of ice
             ... on level 4 of the Dungeon.
             The game lasted 00:05:25 (2536 turns).

Alfie the Shield-Bearer (Hill Orc Fighter)          Turns: 2536, Time: 00:05:25

Health: -6/79      AC: 23    Str: 26    XL:     6   Next: 43%
Magic:  6/6        EV:  2    Int:  8    God:
Gold:   178        SH: 10    Dex: 10    Spells: 5/5 levels left

rFire    . . .     SeeInvis .   a - +0 rapier
rCold    . . .     Gourm    .   c - +0 shield
rNeg     + + +     Faith    .   (armour currently unavailable)
rPois    +         Spirit   .   (helmet currently unavailable)
rElec    .         Reflect  .   (cloak currently unavailable)
rCorr    .         Harm     .   (gloves currently unavailable)
MR       .....     NoTele   +   (boots currently unavailable)
Stlth    +.........             (no amulet)
Regen    0.3/turn               (no ring)
MPRegen  0.1/turn               (no ring)

@: mighty, tree-form
A: no striking features
a: no special abilities


You were on level 4 of the Dungeon.
You were not hungry.
You were a tree.
You visited 1 branch of the dungeon, and saw 4 of its levels.

You collected 178 gold pieces.

Inventory:

Hand Weapons
 a - a +0 rapier (weapon)
Armour
 b - a +0 scale mail (melded)
 c - a +0 shield (worn)
 h - a +0 cloak (melded)
 p - a +0 pair of boots (melded)
 x - a +0 pair of gloves (melded)
Jewellery
 o - an uncursed amulet of regeneration {unknown}
 u - an uncursed ring of poison resistance {unknown}
Scrolls
 e - 3 scrolls of remove curse
 k - 2 scrolls of blinking {unknown}
 m - 3 scrolls of identify {unknown}
 n - 2 scrolls of fear {unknown}
 q - a scroll of random uselessness {unknown}
 t - 2 scrolls of magic mapping
 v - a scroll of amnesia {unknown}
 w - a scroll of recharging {unknown}
Potions
 j - a potion of magic
 l - a potion of lignification
 r - a potion of curing {unknown}
 s - a potion of haste {unknown}
Comestibles
 f - 3 bread rations
 g - 2 meat rations
 i - 3 royal jellies


   Skills:
 + Level 4.4 Fighting
 + Level 4.4 Short Blades
 + Level 4.4 Armour
 + Level 0.7 Dodging
 + Level 0.3 Stealth
 + Level 4.6 Shields


You had 5 spell levels left.
You didn't know any spells.

Dungeon Overview and Level Annotations

Branches:
Dungeon (4/15)             Temple (0/1) D:4

Altars:
Fedhas
Nemelex Xobeh
Sif Muna

Annotations:
D:3 exclusion: oklob plant
D:4 Dowan


Message History

Dowan casts a spell.
Dowan blinks!
You cannot move.
You cannot move.
Dowan says, "How can I live without her?"
Dowan points at you and mumbles some strange words.
The stone arrow hits you!
* * * LOW HITPOINT WARNING * * *
You completely miss Dowan. Dowan hits you but does no damage.
You miss Dowan. Dowan casts a spell at you. The stone arrow hits you!
Dowan hits you but does no damage.
You puncture Dowan!
Dowan is heavily wounded.
You block Dowan's attack.
Your shield prevents you from hitting Dowan.
Dowan is heavily wounded.
Dowan casts a spell at you. The shard of ice hits you!
You die...

*,* *,,,,,,,..,......*#..>..##..
*,* *,,,,*,*##.##...###.....##..
*,* *,,,,,,,.........##8...8####
**,***,,,,*,###.##...#####'####..
,,,,,,,,,.*,,.........# ##.## #..
,,,,,,,,,...,.........###≈.§#####
,,,,,,..,.#..##.##...###≈.§≈§#
,,,,,...........##...##≈≈≈.§§#
,,,**#....##.##.♣e....#≈≈≈..#####
**,**#....##.##.##....##≈≈..###..
,,,,,,................##≈....##..
******#...............###....##..
#...##..#.##..##.#.....####
#######...##....##.#......#.#####
.........|##.#..##.#.#....#......
.###.........#..##.#.#....#.####.
.# #............##.#.......÷.....


You could see Dowan.

Vanquished Creatures
  Duvessa (D:4)
  An orc priest (D:4)
  2 orc wizards (D:4)
  6 adders
  An ooze (D:2)
  A worm (D:3)
  A dart slug (D:1)
  3 leopard geckos
  3 orcs
  4 giant cockroaches
  4 goblins
  3 hobgoblins
  3 jackals (D:1)
  2 quokkas
  2 ball pythons
  5 bats
  3 frilled lizards
  9 kobolds
  8 rats
62 creatures vanquished.

Notes
Turn   | Place    | Note
-------+----------+-------------------------------------------
     0 | D:1      | Alfie the Hill Orc Fighter began the quest for the Orb.
     0 | D:1      | Reached XP level 1. HP: 19/19 MP: 1/1
   111 | D:1      | Reached XP level 2. HP: 20/27 MP: 2/2
   539 | D:2      | Found a deep blue altar of Sif Muna.
   617 | D:2      | Reached XP level 3. HP: 33/33 MP: 3/3
   692 | D:2      | Found a faded altar of an unknown god.
   834 | D:2      | Found a sparkling altar of Nemelex Xobeh.
  1120 | D:3      | Reached XP level 4. HP: 24/40 MP: 4/4
  1160 | D:3      | Found a blossoming altar of Fedhas.
  1183 | D:3      | Noticed an oklob plant
  2167 | D:4      | Reached XP level 5. HP: 46/46 MP: 5/5
  2461 | D:4      | Found a staircase to the Ecumenical Temple.
  2484 | D:4      | Noticed Duvessa
  2505 | D:4      | Noticed Dowan
  2523 | D:4      | Killed Duvessa
  2523 | D:4      | Reached XP level 6. HP: 14/53 MP: 6/6
  2536 | D:4      | Killed from afar by Dowan

Skill      XL: |  1  2  3  4  5 |
---------------+----------------+-----
Shields        | 4 |  4.6
Short Blades   | 3 4 |  4.4
Armour         | 4 |  4.4
Fighting       | 4 |  4.4
Dodging        | |  0.7
Stealth        | |  0.3

Action                   |  1- 3 |  4- 6 || total
-------------------------+-------+-------++-------
Melee: Rapier            |   133 |   129 ||   262
  Use: Scroll            |       |     2 ||     2
       Potion            |       |     3 ||     3
  Eat: Fruit             |     1 |     1 ||     2
       Bread ration      |       |     1 ||     1
       Royal jelly       |       |     1 ||     1
Armor: Scale mail        |    72 |    39 ||   111
       Skin              |       |     3 ||     3
Dodge: Dodged            |    54 |    24 ||    78
Block: Shield            |    58 |    60 ||   118
